NYP
TRI-CITY DUST DEVILS @ BATAVIA MUCKDOGS
06/24/2044
 
TOP OF THE 1ST
Tri-City Dust Devils batting - Pitching for Batavia Muckdogs : RHP Gabe Behrend
Pitching: RHP Gabe Behrend
Batting: RHB Ruben Luis 0-0: Called Strike
0-1: Swinging Strike
0-2: Strikes out swinging
Batting: SHB Ryan Brown 0-0: Called Strike
0-1: Ball
1-1: Foul Ball, location: 2F
1-2: Ball
2-2: Ball
3-2: Base on Balls
Batting: RHB Hector Fernandez 0-0: Called Strike
Ryan Brown steals 2nd base (no throw)
0-1: TRIPLE (Flyball, 78XD, EV 111.3 MPH)
Ryan Brown scores
Batting: LHB Frank McConnell 0-0: Ball
1-0: Swinging Strike
1-1: Foul Ball, location: 2F
1-2: Strikes out swinging
Batting: RHB Jaden Scott 0-0: Swinging Strike
0-1: Foul Ball, location: 2F
0-2: Ball
1-2: Ball
2-2: Ball
3-2: Strikes out swinging
Top of the 1st over - 1 run, 1 hit, 0 errors, 1 left on base; Tri-City 1 - Batavia 0
BOTTOM OF THE 1ST
Batavia Muckdogs batting - Pitching for Tri-City Dust Devils : RHP Takahide Watanabe
Pitching: RHP Takahide Watanabe
Batting: RHB Calvin Morin 0-0: Called Strike
0-1: Foul Ball, location: 2F
0-2: Foul Ball, location: 2F
0-2: Hit by Pitch
Batting: LHB David Doge 0-0: Called Strike
Calvin Morin steals 2nd base
0-1: Foul Ball, location: 2F
0-2: Fly out, F8 (Line Drive, 8RD, EV 101.9 MPH)
Batting: RHB Jim Fisher 0-0: Ball
Calvin Morin steals 3rd base
1-0: Called Strike
1-1: Ball
2-1: Ball
3-1: Base on Balls
Batting: RHB Len Graham 0-0: Ball
Wild Pitch!
Calvin Morin scores
Jim Fisher to second
1-0: Called Strike
1-1: Ball
2-1: Reached on error, E5 (Groundball, 56, EV 98.8 MPH)
Jim Fisher to third
Batting: LHB Ryan Thompson 0-0: Ball
1-0: Ground out 4-3 (Groundball, 34, EV 101.9 MPH)
Jim Fisher scores
Len Graham to second
Batting: RHB Nate Crofts 0-0: Called Strike
0-1: Ball
1-1: DOUBLE (Groundball, 5L, EV 96.9 MPH)
Len Graham scores
Batting: RHB Hiromitsu Yamada 0-0: Called Strike
0-1: Ball
1-1: SINGLE (Groundball, 56S, EV 96.3 MPH)
Nate Crofts to third
Runner from 3rd tries for Home, SAFE, throw by LF to home
Batting: RHB Jeremy Dennis 0-0: Called Strike
0-1: Ball
Hiromitsu Yamada steals 2nd base
1-1: Ball
2-1: Foul Ball, location: 2F
2-2: Ball
3-2: Foul Ball, location: 2F
3-2: Reached on error, E2 (Groundball, 15S, EV 68.1 MPH)
Hiromitsu Yamada scores
Batting: RHB Jose Trevino 0-0: Ball
Passed Ball!
Jeremy Dennis to third
1-0: Foul Ball, location: 2F
1-1: Fly out, F4 (Line Drive, 4, EV 61.3 MPH)
Bottom of the 1st over - 5 runs, 2 hits, 2 errors, 1 left on base; Tri-City 1 - Batavia 5
TOP OF THE 2ND
Tri-City Dust Devils batting - Pitching for Batavia Muckdogs : RHP Gabe Behrend
Batting: LHB Paul Adams 0-0: Ball
1-0: Ball
2-0: Ball
3-0: Base on Balls
Batting: RHB Joe Weissman 0-0: Ball
1-0: Called Strike
1-1: Grounds into double play, 4-6-3 (Groundball, 4, EV 100.0 MPH)
Batting: RHB Bryan Pitcher 0-0: Called Strike
0-1: Ball
1-1: Ball
2-1: Called Strike
2-2: Ball
3-2: Hit by Pitch
Batting: RHB Ron Major 0-0: Ball
1-0: Ball
2-0: Swinging Strike
2-1: Foul Ball, location: 2F
2-2: Ball
3-2: Foul Ball, location: 2F
3-2: Foul Ball, location: 2F
3-2: Base on Balls
Bryan Pitcher to second
Batting: RHB Ruben Luis 0-0: DOUBLE (Flyball, 78D, EV 102.5 MPH)
Bryan Pitcher scores
Ron Major to third
Batting: SHB Ryan Brown 0-0: Called Strike
0-1: Ball
1-1: Foul Ball, location: 2F
1-2: Ball
2-2: Ground out 6-3 (Groundball, 6, EV 80.0 MPH)
Top of the 2nd over - 1 run, 1 hit, 0 errors, 2 left on base; Tri-City 2 - Batavia 5
BOTTOM OF THE 2ND
Batavia Muckdogs batting - Pitching for Tri-City Dust Devils : RHP Takahide Watanabe
Batting: RHB Calvin Morin 0-0: Called Strike
0-1: Foul Ball, location: 2F
0-2: Ball
1-2: Ball
2-2: Ball
3-2: Strikes out swinging
Batting: LHB David Doge 0-0: Ball
1-0: Called Strike
1-1: Foul Ball, location: 2F
1-2: Foul Ball, location: 2F
1-2: Ball
2-2: Ball
3-2: Ground out 4-3 (Groundball, 4, EV 85.0 MPH)
Batting: RHB Jim Fisher 0-0: Ball
1-0: Ball
2-0: Fly out, F3 (Popup, 34, EV 84.4 MPH)
Bottom of the 2nd over - 0 runs, 0 hits, 0 errors, 0 left on base; Tri-City 2 - Batavia 5
TOP OF THE 3RD
Tri-City Dust Devils batting - Pitching for Batavia Muckdogs : RHP Gabe Behrend
Batting: RHB Hector Fernandez 0-0: Called Strike
0-1: Swinging Strike
0-2: Strikes out looking
Batting: LHB Frank McConnell 0-0: Called Strike
0-1: Ball
1-1: Foul Ball, location: 2F
1-2: Ball
2-2: Ground out 4-3 (Groundball, 4, EV 84.4 MPH)
Batting: RHB Jaden Scott 0-0: Ball
1-0: Ball
2-0: Ball
3-0: Called Strike
3-1: Swinging Strike
3-2: Strikes out looking
Top of the 3rd over - 0 runs, 0 hits, 0 errors, 0 left on base; Tri-City 2 - Batavia 5
BOTTOM OF THE 3RD
Batavia Muckdogs batting - Pitching for Tri-City Dust Devils : RHP Takahide Watanabe
Batting: RHB Len Graham 0-0: Ball
1-0: Foul Ball, location: 2F
1-1: Ball
2-1: Foul Ball, location: 2F
2-2: Strikes out looking
Batting: LHB Ryan Thompson 0-0: SINGLE (Line Drive, 34D, EV 98.8 MPH)
Batting: RHB Nate Crofts Pickoff Throw to First - Out! 1-3
0-0: Ball
1-0: Ball
2-0: Foul Ball, location: 2F
2-1: Foul Ball, location: 2F
2-2: Ball
3-2: Strikes out looking
Bottom of the 3rd over - 0 runs, 1 hit, 0 errors, 0 left on base; Tri-City 2 - Batavia 5
TOP OF THE 4TH
Tri-City Dust Devils batting - Pitching for Batavia Muckdogs : RHP Gabe Behrend
Batting: LHB Paul Adams 0-0: Ball
1-0: SOLO HOME RUN (Flyball, 9D, EV 94.4 MPH), Distance : 356 ft
Batting: RHB Joe Weissman 0-0: Fly out, F8 (Flyball, 8RS, EV 83.8 MPH)
Batting: RHB Bryan Pitcher 0-0: Called Strike
0-1: Ball
1-1: Ball
2-1: Ground out 6-3 (Groundball, 6, EV 108.1 MPH)
Batting: RHB Ron Major 0-0: Foul Ball, location: 2F
0-1: Foul Ball, location: 2F
0-2: Ball
1-2: Ball
2-2: Ball
3-2: SINGLE (Groundball, 4MD, EV 106.3 MPH)
Pitching: RHP Scott Feltham
Batting: RHB Ruben Luis Pickoff Throw to First - Out! 1-3
Top of the 4th over - 1 run, 2 hits, 0 errors, 0 left on base; Tri-City 3 - Batavia 5
BOTTOM OF THE 4TH
Batavia Muckdogs batting - Pitching for Tri-City Dust Devils : RHP Takahide Watanabe
Batting: RHB Hiromitsu Yamada 0-0: Called Strike
0-1: Ball
1-1: Ball
2-1: Called Strike
2-2: Foul Ball, location: 2F
2-2: Fly out, F8 (Flyball, 89D, EV 78.1 MPH)
Batting: RHB Jeremy Dennis 0-0: Ball
1-0: Foul Ball, location: 2F
1-1: Swinging Strike
1-2: Ball
2-2: TRIPLE (Groundball, 3L, EV 104.4 MPH)
Batting: RHB Jose Trevino 0-0: SINGLE (Line Drive, 78S, EV 108.8 MPH)
Jeremy Dennis scores
Pitching: LHP Ruben Nunez
Batting: RHB Calvin Morin 0-0: Foul Ball, location: 2F
0-1: Foul Ball, location: 2F
0-2: Ball
1-2: Ball
2-2: Fielders Choice at 2nd, 4-6 (Groundball, 4, EV 81.9 MPH)
Batting: LHB David Doge 0-0: Called Strike
0-1: Ball
1-1: Ball
2-1: Called Strike
Calvin Morin is caught stealing 2nd base 2-6
Bottom of the 4th over - 1 run, 2 hits, 0 errors, 0 left on base; Tri-City 3 - Batavia 6
TOP OF THE 5TH
Tri-City Dust Devils batting - Pitching for Batavia Muckdogs : RHP Scott Feltham
Batting: RHB Ruben Luis 0-0: Foul Ball, location: 2F
0-1: Ground out 6-3 (Groundball, 56, EV 108.1 MPH)
Batting: SHB Ryan Brown 0-0: Ball
1-0: Called Strike
1-1: Called Strike
1-2: Ground out 6-3 (Groundball, 6, EV 90.0 MPH)
Batting: RHB Hector Fernandez 0-0: Foul Ball, location: 2F
0-1: Ball
1-1: Foul Ball, location: 2F
1-2: Fly out, F8 (Line Drive, 8RM, EV 96.3 MPH)
Top of the 5th over - 0 runs, 0 hits, 0 errors, 0 left on base; Tri-City 3 - Batavia 6
BOTTOM OF THE 5TH
Batavia Muckdogs batting - Pitching for Tri-City Dust Devils : LHP Ruben Nunez
Batting: LHB David Doge 0-0: SINGLE (Line Drive, 4D, EV 95.0 MPH)
Batting: RHB Jim Fisher 0-0: Ball
1-0: Fly out, F8 (Flyball, 8RD, EV 91.3 MPH)
Batting: RHB Len Graham 0-0: Ball
David Doge is caught stealing 2nd base 2-4
1-0: Foul Ball, location: 2F
1-1: Foul Ball, location: 2F
1-2: SINGLE (Flyball, 8RS, EV 95.0 MPH)
Batting: LHB Ryan Thompson 0-0: Ball
1-0: Called Strike
1-1: Ball
2-1: Foul Ball, location: 2F
2-2: Ball
3-2: Foul Ball, location: 2F
3-2: Strikes out swinging
Bottom of the 5th over - 0 runs, 2 hits, 0 errors, 1 left on base; Tri-City 3 - Batavia 6
TOP OF THE 6TH
Tri-City Dust Devils batting - Pitching for Batavia Muckdogs : RHP Scott Feltham
Batting: LHB Frank McConnell 0-0: Called Strike
0-1: Ball
1-1: Foul Ball, location: 2F
1-2: Ground out U3 (Groundball, 3L, EV 87.5 MPH)
Batting: RHB Jaden Scott 0-0: Called Strike
0-1: Ground out 6-3 (Groundball, 6, EV 105.0 MPH)
Batting: LHB Paul Adams 0-0: Ball
1-0: Ball
2-0: Called Strike
2-1: Swinging Strike
2-2: Strikes out swinging
Top of the 6th over - 0 runs, 0 hits, 0 errors, 0 left on base; Tri-City 3 - Batavia 6
BOTTOM OF THE 6TH
Batavia Muckdogs batting - Pitching for Tri-City Dust Devils : LHP Ruben Nunez
Batting: RHB Nate Crofts 0-0: Ball
1-0: Called Strike
1-1: Ball
2-1: Ball
3-1: Foul Ball, location: 2F
3-2: Strikes out swinging
Batting: RHB Hiromitsu Yamada 0-0: Foul Ball, location: 2F
0-1: Ball
1-1: Ground out 5-3 (Groundball, 56, EV 86.3 MPH)
Batting: RHB Jeremy Dennis 0-0: Foul Ball, location: 2F
0-1: Ball
1-1: Ball
2-1: Foul Ball, location: 2F
2-2: Ball
3-2: Foul Ball, location: 2F
3-2: Foul Ball, location: 2F
3-2: Base on Balls
Batting: RHB Jose Trevino 0-0: Called Strike
0-1: Called Strike
Jeremy Dennis steals 2nd base (no throw)
0-2: Strikes out swinging
Bottom of the 6th over - 0 runs, 0 hits, 0 errors, 1 left on base; Tri-City 3 - Batavia 6
TOP OF THE 7TH
Tri-City Dust Devils batting - Pitching for Batavia Muckdogs : RHP Scott Feltham
Batting: RHB Joe Weissman 0-0: Ball
1-0: Ball
2-0: Ground out 5-3 (Groundball, 56, EV 86.3 MPH)
Batting: RHB Bryan Pitcher 0-0: Swinging Strike
0-1: Ball
1-1: Called Strike
1-2: Strikes out swinging
Batting: RHB Ron Major 0-0: Ball
1-0: Called Strike
1-1: Swinging Strike
1-2: Foul Ball, location: 2F
1-2: Ball
2-2: Ball
3-2: Base on Balls
Batting: RHB Ruben Luis 0-0: Swinging Strike
0-1: Ball
1-1: Foul Ball, location: 2F
1-2: Ground out 4-3 (Groundball, 4, EV 80.0 MPH)
Top of the 7th over - 0 runs, 0 hits, 0 errors, 1 left on base; Tri-City 3 - Batavia 6
BOTTOM OF THE 7TH
Batavia Muckdogs batting - Pitching for Tri-City Dust Devils : LHP Ruben Nunez
Pitching: LHP Andy Silveira
Batting: RHB Calvin Morin 0-0: Called Strike
0-1: Called Strike
0-2: Strikes out swinging
Batting: LHB David Doge 0-0: Foul Ball, location: 2F
0-1: Foul Ball, location: 2F
0-2: Foul Ball, location: 2F
0-2: Ground out 4-3 (Groundball, 4, EV 100.6 MPH)
Batting: RHB Jim Fisher 0-0: Called Strike
0-1: Ball
1-1: Ball
2-1: Ground out 5-3 (Groundball, 5S, EV 81.3 MPH)
Bottom of the 7th over - 0 runs, 0 hits, 0 errors, 0 left on base; Tri-City 3 - Batavia 6
TOP OF THE 8TH
Tri-City Dust Devils batting - Pitching for Batavia Muckdogs : RHP Scott Feltham
Pitching: RHP Ryan Babbitt
Batting: SHB Ryan Brown 0-0: Ball
1-0: SOLO HOME RUN (Flyball, 9LD, EV 92.5 MPH), Distance : 345 ft
Batting: RHB Hector Fernandez 0-0: Foul Ball, location: 2F
0-1: Ball
1-1: Fly out, F9 (Flyball, 9S, EV 83.1 MPH)
Batting: LHB Frank McConnell 0-0: Ball
1-0: Swinging Strike
1-1: Foul Ball, location: 2F
1-2: SINGLE (Groundball, 3S, EV 73.8 MPH) (infield hit)
Batting: RHB Jaden Scott 0-0: Called Strike
0-1: Ball
1-1: Ball
2-1: Fly out, F7 (Flyball, 7, EV 86.3 MPH)
Batting: LHB Paul Adams 0-0: Foul Ball, location: 2F
0-1: Ground out 4-3 (Groundball, 4, EV 101.3 MPH)
Top of the 8th over - 1 run, 2 hits, 0 errors, 1 left on base; Tri-City 4 - Batavia 6
BOTTOM OF THE 8TH
Batavia Muckdogs batting - Pitching for Tri-City Dust Devils : LHP Andy Silveira
Batting: RHB Len Graham 0-0: Called Strike
0-1: Swinging Strike
0-2: Ball
1-2: Ball
2-2: Strikes out looking
Batting: LHB Ryan Thompson 0-0: Foul Ball, location: 2F
0-1: Ball
1-1: Ball
2-1: Foul Ball, location: 2F
2-2: Strikes out swinging
Batting: RHB Nate Crofts 0-0: Called Strike
0-1: Swinging Strike
0-2: Strikes out swinging
Bottom of the 8th over - 0 runs, 0 hits, 0 errors, 0 left on base; Tri-City 4 - Batavia 6
TOP OF THE 9TH
Tri-City Dust Devils batting - Pitching for Batavia Muckdogs : RHP Ryan Babbitt
Batting: RHB Joe Weissman 0-0: Ground out 5-3 (Groundball, 5, EV 85.0 MPH)
Pinch Hitting: LHB Roger Duque 0-0: Called Strike
0-1: Foul Ball, location: 2F
0-2: Reached on error, E6 (Groundball, 6, EV 81.9 MPH)
Batting: RHB Ron Major 0-0: Fly out, F9 (Flyball, 9S, EV 87.5 MPH)
Batting: RHB Ruben Luis 0-0: Ball
1-0: Foul Ball, location: 2F
1-1: Ball
Passed Ball!
Roger Duque to second
2-1: Foul Ball, location: 2F
2-2: SINGLE (Line Drive, 56, EV 98.1 MPH)
Roger Duque to third
Batting: SHB Ryan Brown 0-0: Ball
1-0: Swinging Strike
1-1: Ball
2-1: Ball
3-1: Foul Ball, location: 2F
3-2: Strikes out swinging
Top of the 9th over - 0 runs, 1 hit, 1 error, 2 left on base; Tri-City 4 - Batavia 6
Thursday, March 31st , 2022 - OOTP Baseball 22.12 Build 89